 Dungeon Crawl Stone Soup version 0.29-a0-330-g52719c12eb (webtiles) character file.

Game seed: 18103892910366103870

1744 Ajdolov the Spear-Bearer (level 9, -3/74 HPs)
             Began as a Merfolk Fighter on Apr 24, 2022.
             Slain by a howler monkey (5 damage)
             ... on level 5 of the Dungeon.
             The game lasted 00:07:34 (6310 turns).

Ajdolov the Spear-Bearer (Merfolk Fighter)          Turns: 6310, Time: 00:07:35

Health: -3/74      AC: 13    Str: 20    XL:     9   Next: 6%
Magic:  9/9        EV:  5    Int:  7    God:
Gold:   289        SH:  5    Dex: 14    Spells: 8/8 levels left

rFire   . . .      SeeInvis .   a - +0 trident
rCold   . . .      Faith    .   c - +0 buckler
rNeg    . . .      Spirit   .   B - +0 plate armour
rPois   .          Reflect  .   k - +0 helmet
rElec   .          Harm     .   h - scarf {repulsion}
rCorr   .          Rampage  .   (no gloves)
Will    .....                   n - +0 pair of boots
Stlth   ..........              (no amulet)
HPRegen 0.22/turn               v - ring of flight
MPRegen 0.11/turn               (no ring)

@: flying, repel missiles
A: (nimble swimmer 2), mertail
a: no special abilities


You were on level 5 of the Dungeon.
You visited 1 branch of the dungeon, and saw 6 of its levels.

You collected 289 gold pieces.

Inventory:

Hand Weapons
 a - a +0 trident (weapon)
Armour
 c - a +0 buckler (worn)
 h - a scarf of repulsion (worn)
 k - a +0 helmet (worn)
 n - a +0 pair of boots (worn)
 B - a +0 plate armour (worn)
Jewellery
 v - a ring of flight (left hand)
Wands
 b - a wand of polymorph (6)
 t - a wand of flame (15)
 y - a wand of acid (4)
Scrolls
 e - 6 scrolls of teleportation {unknown}
 g - a scroll of summoning {unknown}
 i - 2 scrolls of enchant armour {unknown}
 l - a scroll of blinking {unknown}
 m - 4 scrolls of identify {unknown}
 s - 3 scrolls of vulnerability {unknown}
 w - a scroll of fog {unknown}
 x - a scroll of magic mapping {unknown}
Potions
 d - a potion of might
 f - 2 potions of mutation {unknown}
 j - 2 potions of brilliance {unknown}
 o - a potion of lignification {unknown}
 p - 3 potions of curing {unknown}
 q - 2 potions of haste
 r - a potion of attraction {unknown}
 u - a potion of invisibility {unknown}
 z - a potion of heal wounds {unknown}
 A - a potion of resistance {unknown}


   Skills:
 + Level 7.8 Fighting
 * Level 12.2 Polearms
 - Level 2.1 Armour
 - Level 3.0 Shields


You had 8 spell levels left.
You didn't know any spells.
Your spell library contained the following spells:

 Spells                   Type           Power      Damage    Failure   Level
 Magic Dart               Conj           0%         1d3       100%        1
 Slow                     Hex            0%         N/A       100%        1
 Sting                    Tmut/Pois      0%         1d3       100%        1
 Poisonous Vapours        Pois/Air       0%         N/A       100%        2
 Searing Ray              Conj           0%         2d4       100%        2
 Confusing Touch          Hex            0%         N/A       100%        3
 Dazzling Flash           Conj/Hex       0%         N/A       100%        3
 Vampiric Draining        Necr           0%         2d6       100%        3
 Fulminant Prism          Conj/Hex       0%         3d6       100%        4
 Olgreb's Toxic Radiance  Pois           0%         N/A       100%        4
 Agony                    Necr           0%         N/A       100%        5
 Silence                  Hex/Air        0%         N/A       100%        5


Dungeon Overview and Level Annotations

Branches:
Dungeon (6/15)
 Temple: D:4-7

Altars:
Cheibriados
Dithmenos
Qazlal

Annotations:
D:3 1 runed translucent door, Crazy Yiuf


Innate Abilities, Weirdness & Mutations

((You are very nimble when in or above water. (Stealth+, EV+, Speed+++)))
Your lower body shifts to a powerful aquatic tail in water.


Message History

The scorpion is almost dead.
The scorpion stings you but does no damage.
The howler monkey hits you but does no damage.
You closely miss the scorpion.
The scorpion is almost dead.
The scorpion barely misses you. You block the howler monkey's attack.
You hit the scorpion.
The scorpion is almost dead.
The scorpion stings you but does no damage.
The howler monkey hoots and howls with incredible vigour!
You puncture the scorpion!
You kill the scorpion!
You are no longer glowing.
The howler monkey hits you but does no damage.
You closely miss the howler monkey.
The howler monkey is moderately wounded.
The howler monkey hits you but does no damage.
You hit the howler monkey.
The howler monkey is heavily wounded.
You hit the howler monkey.
The howler monkey is heavily wounded.
The howler monkey hits you but does no damage.
You hit the howler monkey.
The howler monkey is severely wounded.
The howler monkey barely misses you.
You barely miss the howler monkey.
The howler monkey is severely wounded.
The howler monkey hits you.
* * * LOW HITPOINT WARNING * * *
You hit the howler monkey.
The howler monkey is severely wounded.
The howler monkey hits you.
* * * LOW HITPOINT WARNING * * *
You hit the howler monkey.
The howler monkey is almost dead.
The howler monkey hoots and howls with incredible vigour!
You hit the howler monkey.
The howler monkey is almost dead.
The howler monkey hits you.
You die...

######### #.# #.##.##.....## #.#
#.##.#.......# #.# #.##.#.......#
##.## #[##.#........
#########...#####.##.##.......
#.................##.###...##.
#.#######...#.######.......###
#.#### ##.##h# #######.# # #....#
####@# #)# # ####.# #†# #)# #.#
#.# ###.###
#######.########.##########......
..............##...........#..###
#######.......############.(.....
######..# #.##.###
#..############.##.#
#..##...........##.#


You could see a howler monkey (catching breath).

Vanquished Creatures
  Maggie (D:6)
  A wyvern (D:5)
  Duvessa (D:6)
  An ice beast (D:3)
  A sky beast (D:6)
  2 ogres
  A phantom (D:5)
  2 necrophages
  A bullfrog (D:6)
  4 scorpions
  Dowan (D:6)
  A jelly (D:4)
  A hound (D:5)
  A gnoll shaman (D:6)
  Natasha (D:2)
  Terence (D:3)
  Robin (D:2)
  4 adders
  A gnoll (D:6)
  A shadow imp (D:5)
  3 worms
  2 dart slugs
  13 orcs
  4 ball pythons
  4 bats
  8 endoplasms
  6 giant cockroaches
  16 goblins
  6 hobgoblins
  10 jackals
  3 quokkas
  A frilled lizard (D:2)
  6 kobolds
  10 rats
120 creatures vanquished.

Notes
Turn   | Place    | Note
-------+----------+-------------------------------------------
     0 | D:1      | Ajdolov the Merfolk Fighter began the quest for the Orb.
     0 | D:1      | Reached XP level 1. HP: 18/18 MP: 1/1
    48 | D:1      | Reached skill level 3 in Polearms
   383 | D:1      | Reached XP level 2. HP: 19/24 MP: 2/2
   671 | D:1      | Found a faded altar of an unknown god.
  1057 | D:2      | Reached skill level 4 in Polearms
  1061 | D:2      | Reached XP level 3. HP: 30/30 MP: 3/3
  1077 | D:2      | Noticed Robin
  1114 | D:2      | Killed Robin
  1318 | D:2      | Reached XP level 4. HP: 32/37 MP: 4/4
  1477 | D:2      | Reached skill level 5 in Polearms
  1782 | D:3      | Noticed Terence
  1941 | D:3      | Noticed Natasha
  1961 | D:2      | Killed Natasha
  2278 | D:3      | Killed Terence
  2279 | D:3      | Reached XP level 5. HP: 34/43 MP: 5/5
  2362 | D:3      | Reached skill level 6 in Polearms
  2512 | D:3      | Noticed an ice beast
  2535 | D:3      | Killed an ice beast
  2536 | D:3      | Reached skill level 5 in Fighting
  2536 | D:3      | Reached skill level 7 in Polearms
  2536 | D:3      | Reached XP level 6. HP: 17/51 MP: 6/6
  2812 | D:3      | Found a shadowy altar of Dithmenos.
  2866 | D:3      | Found a runed translucent door.
  2867 | D:3      | Noticed Crazy Yiuf
  3990 | D:5      | Entered Level 5 of the Dungeon
  4057 | D:5      | Reached skill level 8 in Polearms
  4057 | D:5      | Reached XP level 7. HP: 51/56 MP: 7/7
  4113 | D:5      | Found a snail-covered altar of Cheibriados.
  4426 | D:5      | Noticed a wyvern
  4432 | D:5      | Killed a wyvern
  4433 | D:5      | Reached skill level 9 in Polearms
  4606 | D:5      | Found a stormy altar of Qazlal.
  4727 | D:5      | Reached XP level 8. HP: 37/65 MP: 8/8
  4985 | D:5      | Reached skill level 10 in Polearms
  5148 | D:6      | Noticed Dowan
  5148 | D:6      | Noticed Duvessa
  5169 | D:6      | Killed Duvessa
  5175 | D:6      | HP: 3/97 [Dowan/+0 dagger (4)]
  5176 | D:6      | Killed Dowan
  5701 | D:6      | Noticed Maggie
  5726 | D:6      | Killed Maggie
  5727 | D:6      | Reached skill level 11 in Polearms
  6090 | D:6      | Reached skill level 12 in Polearms
  6193 | D:6      | Reached XP level 9. HP: 70/73 MP: 9/9
  6308 | D:5      | HP: 2/74 [howler monkey (5)]
  6310 | D:5      | Slain by a howler monkey

Illustrated notes

Levels and vault maps discovered:
D:1:      erik_arrival_orb_chamber, layout_loops_ring, basic_ecumenical_altar,
          columned_hall_lemuel
D:2:      layout_basic, uniq_robin
D:3:      layout_rooms, mainiacjoe_overflow_alcove_4, uniq_natasha,
          uniq_terence, uniq_crazy_yiuf_cottage
D:4:      layout_gridville
D:5:      layout_loops_ring, grunt_qazlal_sundering,
          mainiacjoe_overflow_catwalk, nrook_mini_backslash
D:6:      layout_layer_cave, portal_sewer_entry_c, uniq_maggie, uniq_duvessa

Skill      XL: |  1  2  3  4  5  6  7  8 |
---------------+-------------------------+-----
Polearms       | 3 4 5 7 8 9 12 | 12.2
Fighting       | 4 5 6 7 |  7.8
Armour         | |  2.1
Shields        | |  3.0

Action                   |  1- 3 |  4- 6 |  7- 9 || total
-------------------------+-------+-------+-------++-------
Melee: Trident           |   107 |   153 |   181 ||   441
Throw: Throwing net      |       |       |     2 ||     2
Evoke: Wand              |       |     8 |     2 ||    10
  Use: Potion            |       |       |     2 ||     2
 Stab: Held in net/web   |       |       |     2 ||     2
Armor: Scale mail        |    32 |    54 |       ||    86
       Plate armour      |       |    10 |    54 ||    64
       Skin              |       |       |    12 ||    12
Dodge: Dodged            |    30 |    54 |    22 ||   106
       Repelled          |       |       |     3 ||     3
Block: Buckler           |    20 |    27 |    28 ||    75

Table legend: (Time is in decaauts)
 A = Elapsed time spent in this place.
 B = Non-inter-level travel time spent in this place.
 C = Inter-level travel time spent in this place.
 D = Time resting spent in this place.
 E = Time spent auto-exploring this place.
 F = Levels seen in this place.
 G = Mean time per level.
                   A        B        C        D        E       F      G
               +--------+--------+--------+--------+--------+-----+--------+
         Total |   6279 |   5901 |    378 |    625 |   4256 |   6 | 1046.5 |
       Dungeon |   6279 |   5901 |    378 |    625 |   4256 |   6 | 1046.5 |
               +--------+--------+--------+--------+--------+-----+--------+

Top non-repeatable levels by time:
     D:6: 1208 daAuts
     D:2: 1083 daAuts
     D:1: 1062 daAuts
     D:5: 1059 daAuts
     D:4: 1047 daAuts
     D:3: 817 daAuts
